 Dungeon Crawl Stone Soup version 0.19.1 (webtiles) character file.

609 MirrMurr the Covert (level 7, -1/32 HPs)
             Began as a Spriggan Enchanter on Dec 3, 2016.
             Killed by divine providence
             ... invoked by an orc priest
              (16 damage)
             ... on level 4 of the Dungeon.
             The game lasted 00:09:14 (4046 turns).

MirrMurr the Covert (Spriggan Enchanter)            Turns: 4046, Time: 00:09:15

Health: -1/32      AC:  7    Str:  6    XL:     7   Next: 19%
Magic:  3/15       EV: 21    Int: 16    God:
Gold:   133        SH:  0    Dex: 17    Spells: 5 memorised, 4 levels left

rFire  . . .     SeeInvis +     a - +1 dagger
rCold  + . .     Gourm    .     w - +2 robe {rC+}
rNeg   . . .     Faith    .     (shield restricted)
rPois  .         Spirit   .     (helmet restricted)
rElec  .         Reflect  .     q - +2 cloak
rCorr  .         Harm     .     (gloves unavailable)
MR     +....                    (boots unavailable)
Stlth  ++++......               (no amulet)
                                (no ring)
                                (no ring)

@: very quick
A: unfitting armour, see invisible, herbivore 3, speed 3, slow metabolism 2
a: no special abilities


You were on level 4 of the Dungeon.
You were very hungry.

You visited 1 branch of the dungeon, and saw 4 of its levels.

You collected 133 gold pieces.

Inventory:

Hand Weapons
 a - a +1 dagger (weapon)
Missiles
 b - 32 poisoned needles
 f - 215 stones (quivered)
Armour
 k - a +0 buckler
 q - a +2 cloak (worn)
 w - a +2 robe of cold resistance (worn)
Jewellery
 i - an uncursed amulet of regeneration {unknown}
 o - an uncursed amulet of faith {unknown}
Scrolls
 r - a scroll of blinking
 s - a scroll of remove curse
 t - a scroll of magic mapping
Potions
 e - a potion of magic
 g - a potion of cure mutation
 h - 2 potions of haste {unknown}
 j - a potion of degeneration {unknown}
 m - a potion of berserk rage {unknown}
 n - 2 potions of heal wounds {unknown}
 p - a potion of curing {unknown}
 u - a potion of agility {unknown}
 v - a potion of brilliance {unknown}
 x - a potion of invisibility {unknown}
Books
 c - a book of Maledictions

   Spells                             Type                      Level
   a - Corona                         Hexes                        1
   b - Ensorcelled Hibernation        Hexes/Ice                    2
   c - Confuse                        Hexes                        3
   d - Tukima's Dance                 Hexes                        3
   e - Dazzling Spray                 Conjuration/Hexes            3
Comestibles
 d - 4 bread rations
 l - 4 slices of pizza


   Skills:
 - Level 1.1 Short Blades
 + Level 5.5 Dodging
 + Level 8.3 Stealth
 + Level 5.2 Spellcasting
 + Level 5.8 Hexes


You had 4 spell levels left.
You knew the following spells:

 Your Spells              Type           Power        Failure   Level  Hunger
a - Ensorcelled Hibernat  Hex/Ice        ##....       10%         2    #......
b - Confuse               Hex            ###.....     4%          3    ###....
c - Corona                Hex            ###....      1%          1    None
d - Dazzling Spray        Conj/Hex       ##....       14%         3    ###....
t - Tukima's Dance        Hex            ###.....     4%          3    ###....


Dungeon Overview and Level Annotations

Branches:
Dungeon (4/15)
 Temple: D:4-7

Altars:
Xom


Innate Abilities, Weirdness & Mutations

You are very small and have problems with some larger weapons.
You are too small for most types of armour.
You have supernaturally acute eyesight. (SInv)
You are a herbivore.
You cover ground extremely quickly.
You need consume almost no food.


Message History

You closely miss the orc priest.
The orc priest is almost dead.
The orc priest seems less confused.
The orc priest misses you.
You hit the orc priest.
You kill the orc priest!
The orc priest looks braver for a moment.
You barely miss the orc priest. You closely miss the orc priest.
The orc priest barely misses you.
You hit the orc priest.
The orc priest is moderately wounded.
The orc priest completely misses you.
You closely miss the orc priest.
The orc priest is moderately wounded.
The orc priest misses you.
You hit the orc priest.
The orc priest is moderately wounded.
The orc priest mumbles some strange prayers to Beogh against you.
Beogh smites you!
Ouch! That really hurt!
You die...

##### #...#
#...#####################
#.....)..)......>........
#.....##@.....)......####
#.....##o...........
#.))####........... #..)#
#.....?..o. #...#
#.........
#...############+#
#...'............########
##...############.........
#.............[.#.########


You could see an orc priest.

Vanquished Creatures
  Sigmund (D:4)
  An ogre (D:4)
  Blork the orc (D:4)
  2 hounds (D:4)
  An orc priest (D:4)
  2 orc wizards (D:4)
  Natasha (D:4)
  4 gnolls
  2 adders (D:4)
  2 oozes (D:1)
  2 worms
  5 dart slugs
  A leopard gecko (D:2)
  4 orcs
  2 ball pythons
  3 bats
  2 giant cockroaches
  5 goblins
  7 hobgoblins
  3 jackals (D:1)
  5 frilled lizards
  5 kobolds
  9 rats
70 creatures vanquished.

Notes
Turn   | Place    | Note
-------+----------+-------------------------------------------
     0 | D:1      | MirrMurr the Spriggan Enchanter began the quest for the Orb.
     0 | D:1      | Reached XP level 1. HP: 9/9 MP: 5/5
    64 | D:1      | Reached skill level 5 in Stealth
   119 | D:1      | Reached XP level 2. HP: 7/13 MP: 6/6
   123 | D:1      | Learned a level 2 spell: Ensorcelled Hibernation
   672 | D:1      | Reached skill level 6 in Stealth
   848 | D:1      | Reached XP level 3. HP: 10/16 MP: 8/8
   856 | D:1      | Learned a level 3 spell: Confuse
  1915 | D:2      | Reached XP level 4. HP: 21/21 MP: 9/9
  2469 | D:3      | Learned a level 3 spell: Dazzling Spray
  2510 | D:3      | Found a shimmering altar of Xom.
  3083 | D:4      | Noticed Blork the orc
  3100 | D:4      | Reached skill level 7 in Stealth
  3100 | D:4      | Reached XP level 5. HP: 20/24 MP: 2/11
  3228 | D:4      | Killed Blork the orc
  3262 | D:4      | Noticed Sigmund
  3276 | D:4      | Killed Sigmund
  3276 | D:4      | Reached skill level 5 in Hexes
  3276 | D:4      | Reached XP level 6. HP: 28/28 MP: 10/14
  3282 | D:4      | Learned a level 3 spell: Tukima's Dance
  3467 | D:4      | Reached skill level 5 in Dodging
  3467 | D:4      | Reached skill level 8 in Stealth
  3523 | D:4      | Noticed Natasha
  3529 | D:4      | Killed Natasha
  3884 | D:4      | Reached skill level 5 in Spellcasting
  3884 | D:4      | Reached XP level 7. HP: 32/32 MP: 9/15
  4046 | D:4      | Killed from afar by an orc priest

Skill      XL: |  1  2  3  4  5  6 |
---------------+-------------------+-----
Stealth        | 5 6 7 8 |  8.3
Spellcasting   | 3 4 5 |  5.2
Hexes          | 4 5 |  5.8
Dodging        | 4 5 |  5.5
Short Blades   | |  1.1

Action                   |  1- 3 |  4- 6 |  7- 9 || total
-------------------------+-------+-------+-------++-------
Melee: Dagger            |   171 |   103 |    32 ||   306
 Cast: Ensorcelled Hiber |     1 |    23 |     2 ||    26
       Confuse           |       |     2 |     6 ||     8
  Use: Scroll            |     4 |     5 |     2 ||    11
 Stab: Sleeping          |    10 |    13 |     2 ||    25
       Distracted        |     1 |       |       ||     1
       Confused          |       |     4 |     1 ||     5
  Eat: Pizza             |       |     1 |       ||     1
Armor: Robe              |    12 |    13 |     4 ||    29
Dodge: Dodged            |   115 |    93 |    19 ||   227
